 Dungeon Crawl Stone Soup version 0.30.0-29-ga12c61a403 (webtiles) character file.

Game seed: 4526129548663960329

17707 AIAndy the Nimble (level 12, -4/92 HPs)
             Began as a Gnoll Wanderer on June 6, 2023.
             Was an Elder of Vehumet.
             Slain by a black mamba (14 damage)
             ... on level 3 of the Lair of Beasts.
             The game lasted 01:36:22 (12744 turns).

AIAndy the Nimble (Gnoll Wanderer)                 Turns: 12744, Time: 01:36:22

Health: -4/92      AC: 13    Str:  9    XL:     12   Next: 50%
Magic:  25/33      EV: 15    Int: 21    God:    Vehumet [****..]
Gold:   910        SH:  0    Dex: 10    Spells: 10/27 levels left

rFire   + . .        g - staff of fire
rCold   . . .        (no shield)
rNeg    . . .        G - +1 steam dragon scales
rPois   .            a - +0 helmet
rElec   .            x - +2 cloak
rCorr   .            (no gloves)
SInv    .            b - +0 pair of boots
Will    .....        E - amulet of magic regeneration
Stlth   +++          A - ring of wizardry
HPRegen 0.35/turn    y - ring of magical power
MPRegen 0.63/turn

%: wizardry (x1)
@: about to teleport
A: fangs 1, strong nose, distributed training
a: Renounce Religion


You were on level 3 of the Lair of Beasts.
You worshipped Vehumet.
Vehumet was greatly pleased with you.
You visited 3 branches of the dungeon, and saw 13 of its levels.

You collected 1390 gold pieces.
You spent 480 gold pieces at shops.

Inventory:

Hand Weapons
 r - the +5 woodcutter's axe
   (You found it on level 3 of the Dungeon)
 S - a +2 falchion of electrocution
 V - a +2 demon trident of flaming
Missiles
 v - a throwing net (quivered)
Armour
 a - a +0 helmet (worn)
 b - a +0 pair of boots (worn)
 n - a +2 robe of willpower
 x - a +2 cloak (worn)
 G - +1 steam dragon scales (worn)
Magical Staves
 g - a staff of fire (weapon)
Jewellery
 e - an amulet of guardian spirit
 p - a ring of poison resistance
 q - a ring of ice
 y - a ring of magical power (right hand)
 A - a ring of wizardry (left hand)
 E - an amulet of magic regeneration (around neck)
 F - a +5 ring of evasion
 N - the ring "Zetukle" {Fire rPois Dex-2 SInv}
   (You found it on level 8 of the Dungeon)

   [ring of fire]

   It enhances your fire magic.
   Dex:       It affects your dexterity (-2).
   rF:        It protects you from fire.
   rC:        It makes you vulnerable to cold.
   rPois:     It protects you from poison.
   SInv:      It lets you see invisible.
 Q - a +6 ring of dexterity
 T - a ring of protection from cold
Wands
 h - a wand of roots (11)
 m - a wand of polymorph (10)
 L - a wand of mindburst (15)
 M - a wand of paralysis (3)
 R - a wand of acid (2)
 U - a wand of flame (4)
Scrolls
 c - 4 scrolls of blinking
 d - 3 scrolls of teleportation
 s - 3 scrolls of amnesia
 u - a scroll of torment
 w - a scroll of fog
 C - 2 scrolls of fear
 D - 2 scrolls of vulnerability
 H - a scroll of butterflies
 K - a scroll of brand weapon {unknown}
 O - a scroll of identify
 P - 4 scrolls of immolation
 W - a scroll of enchant weapon {unknown}
Potions
 f - 6 potions of brilliance
 i - 3 potions of heal wounds
 j - 3 potions of might
 k - 3 potions of cancellation
 l - 2 potions of attraction
 o - a potion of haste
 t - 5 potions of mutation
 z - 4 potions of invisibility
 B - 4 potions of curing
 I - 3 potions of lignification
 J - 3 potions of flight


   Skills:
 + Level 8.1 Fighting
 + Level 7.6 Short Blades
 + Level 7.6 Long Blades
 + Level 7.6 Axes
 + Level 7.6 Maces & Flails
 + Level 7.6 Polearms
 + Level 9.0 Staves
 + Level 7.6 Ranged Weapons
 + Level 7.6 Throwing
 + Level 7.6 Armour
 + Level 10.1 Dodging
 + Level 7.6 Stealth
 + Level 7.6 Shields
 + Level 7.6 Unarmed Combat
 + Level 8.2 Spellcasting
 + Level 8.5 Conjurations
 + Level 6.3 Hexes
 + Level 6.3 Summonings
 + Level 6.3 Necromancy
 + Level 6.3 Translocations
 + Level 6.3 Transmutations
 + Level 6.3 Fire Magic
 + Level 6.3 Ice Magic
 + Level 6.3 Air Magic
 + Level 6.3 Earth Magic
 + Level 6.3 Poison Magic
 + Level 8.3 Invocations
 + Level 7.6 Evocations


You had 10 spell levels left.
You knew the following spells:

 Your Spells              Type           Power      Damage    Failure   Level
a - Foxfire               Conj/Fire      100%       2x1d9     1%          1
b - Shock                 Conj/Air       100%       1d9       1%          1
c - Stone Arrow           Conj/Erth      78%        3d11      1%          3
d - Flame Wave            Conj/Fire      56%        2d13      1%          4
e - Iskenderun's Mystic   Conj/Tloc      39%        2d9       1%          4
f - Olgreb's Toxic Radia  Pois           35%        N/A       1%          4

Your spell library contained the following spells:

 Spells                   Type           Power      Damage    Failure   Level
 Beastly Appendage        Tmut           70%        N/A       1%          1
 Summon Small Mammal      Summ           100%       N/A       1%          1
 Wereblood                Tmut           35%        N/A       1%          2
 Call Canine Familiar     Summ           35%        N/A       1%          3
 Inner Flame              Hex/Fire       52%        N/A       1%          3
 Ozocubu's Armour         Ice            35%        N/A       1%          3
 Spider Form              Tmut/Pois      35%        N/A       1%          3
 Summon Guardian Golem    Hex/Summ       35%        N/A       1%          3
 Sticky Flame             Conj/Fire      56%        2d7       1%          4
 Ozocubu's Refrigeration  Ice            17%        4d11      41%         7


Dungeon Overview and Level Annotations

Branches:
Dungeon (9/15)             Temple (1/1) D:5            Lair (3/5) D:9
  Swamp (0/4) Lair:3
  Snake: Lair:2-3    Spider: Lair:2-3       Orc: D:9-12

Altars:
Ashenzari
Cheibriados
Dithmenos
Elyvilon
Fedhas
Gozag
Hepliaklqana
Kikubaaqudgha
Makhleb
Nemelex Xobeh
Okawaru
Qazlal
Ru
Sif Muna
Trog
Uskayaw
Vehumet
Wu Jian
Xom
Yredelemnul
Zin
The Shining One

Shops:
D:4 *   D:5 =


Innate Abilities, Weirdness & Mutations

You have very sharp teeth.
Your uncanny sense of smell can sniff out nearby items.
Your experience applies equally to all skills.


Message History

Confirm with . or Enter, or press ? or * to list all spells.
You begin to radiate toxic energy.
The death yak is poisoned. x2
The death yak looks even sicker.
A death yak comes into view.
The death yak bellows!
The death yak is poisoned.
The death yak looks even sicker.
You hear a bellow! x2; You hear an angry hiss.
You hear a chilling moan.
A black mamba comes into view.
The death yak looks even sicker. x2
Your toxic aura wanes.
A death yak comes into view.
Casting: Olgreb's Toxic Radiance (mildly dangerous; 1% risk of failure)
Confirm with . or Enter, or press ? or * to list all spells.
You begin to radiate toxic energy.
The death yak looks even sicker.
The death yak looks as sick as possible!
The death yak looks even sicker.
The death yak looks as sick as possible!
The death yak gores you!
The death yak looks as sick as possible!
Your toxic aura wanes.
The black mamba closely misses you. The death yak closely misses you.
A death yak comes into view.
The black mamba bites you but does no damage.
The black mamba closely misses you.
The black mamba bites you but does no damage.
The black mamba attacks as you move away!
The black mamba bites you! The death yak attacks as you move away!
The death yak gores you!! The black mamba bites you!
As you read the scroll of teleportation, it crumbles to dust.
You feel strangely unstable. The black mamba barely misses you.
The death yak gores you!
* * * LOW HITPOINT WARNING * * *
The black mamba closely misses you. The black mamba bites you!
* * * LOW HITPOINT WARNING * * *
Your surroundings suddenly seem different.
As you read the scroll of teleportation, it crumbles to dust.
You feel strangely unstable. The black mamba bites you!
You die...

#### ### ##PP## ### ....
..P.P# ####.########### .....
.....# ##......S@....#.+....#
.....###.......[....+.†...#
....^..##.....Y.........#...#
....#........YY....[†.### ..B
#.##.#..P....Y......#†..# .
#..#####...Y......###.......
...# ##...............#...
..## ######...##....## ..
..### #P<..# #.... .


You could see 5 death yaks and a black mamba.

Vanquished Creatures
  2 two-headed ogres
  2 skysharks
  Urug (Lair:2)
  A bog body (Lair:3)
  A lindwurm (Lair:3)
  3 black mambas
  4 cane toads
  A komodo dragon (Lair:1)
  A polar bear (Lair:1)
  3 hornets
  Prince Ribbit (D:7)
  4 blink frogs (Lair:1)
  6 dream sheep (Lair:3)
  Sigmund (D:4)
  A wraith (D:9)
  A jumping spider (Lair:3)
  14 yaks
  2 basilisks
  3 wyverns
  2 redbacks (Lair:3)
  A steam dragon (D:7)
  6 water moccasins
  Duvessa (D:4)
  3 ice beasts
  An orc warrior (D:9)
  2 sky beasts
  4 black bears
  9 wolves
  A centaur (D:7)
  2 kobold brigands
  4 phantoms
  6 bullfrogs
  A gnoll sergeant (D:9)
  6 scorpions
  Dowan (D:4)
  7 killer bees (D:9)
  An electric eel (Lair:2)
  A howler monkey (D:7)
  5 orc priests
  6 hounds
  4 jellies
  A gnoll bouda (D:6)
  3 sleepcaps
  Jessica (D:2)
  6 orc wizards
  6 iguanas
  10 gnolls
  9 adders
  2 white imps (D:7)
  2 ufetubi
  3 worms
  3 dart slugs
  30 orcs
  9 endoplasms
  4 giant cockroaches
  12 goblins
  10 hobgoblins
  A jackal (D:3)
  3 quokkas
  11 ball pythons
  3 bats
  21 kobolds
  5 rats
281 creatures vanquished.

Vanquished Creatures (collateral kills)
  7 foxfires
7 creatures vanquished.

Vanquished Creatures (others)
  581 foxfires
581 creatures vanquished.

Grand Total: 869 creatures vanquished

Notes
Turn   | Place    | Note
-------+----------+-------------------------------------------
     0 | D:1      | AIAndy the Gnoll Wanderer began the quest for the Orb.
     0 | D:1      | AIAndy set off with the following items: a +0 quarterstaff,
                  | a +0 pair of boots, a scroll of blinking, a +0 robe; and
                  | the following spells available to memorise: Foxfire, Shock,
                  | Stone Arrow.
     0 | D:1      | Reached XP level 1. HP: 17/17 MP: 4/4
    14 | D:1      | Learned a level 1 spell: Foxfire
    16 | D:1      | Learned a level 1 spell: Shock
   266 | D:1      | Reached XP level 2. HP: 23/23 MP: 2/5
   734 | D:1      | You fall into a shaft and drop 1 floor!
   877 | D:1      | Reached XP level 3. HP: 28/28 MP: 4/7
  1054 | D:1      | Learned a level 3 spell: Stone Arrow
  1077 | D:2      | Noticed Jessica
  1178 | D:2      | Killed Jessica
  1179 | D:2      | Reached skill level 1 in Short Blades
  1179 | D:2      | Reached skill level 1 in Long Blades
  1179 | D:2      | Reached skill level 1 in Axes
  1179 | D:2      | Reached skill level 1 in Maces & Flails
  1179 | D:2      | Reached skill level 1 in Polearms
  1179 | D:2      | Reached skill level 1 in Ranged Weapons
  1179 | D:2      | Reached skill level 1 in Throwing
  1179 | D:2      | Reached skill level 1 in Armour
  1179 | D:2      | Reached skill level 1 in Stealth
  1179 | D:2      | Reached skill level 1 in Shields
  1179 | D:2      | Reached skill level 1 in Unarmed Combat
  1179 | D:2      | Reached skill level 1 in Invocations
  1179 | D:2      | Reached skill level 1 in Evocations
  1537 | D:1      | Reached skill level 1 in Hexes
  1537 | D:1      | Reached skill level 1 in Summonings
  1537 | D:1      | Reached skill level 1 in Necromancy
  1537 | D:1      | Reached skill level 1 in Translocations
  1537 | D:1      | Reached skill level 1 in Transmutations
  1537 | D:1      | Reached skill level 1 in Fire Magic
  1537 | D:1      | Reached skill level 1 in Ice Magic
  1537 | D:1      | Reached skill level 1 in Air Magic
  1537 | D:1      | Reached skill level 1 in Earth Magic
  1537 | D:1      | Reached skill level 1 in Poison Magic
  1537 | D:1      | Reached XP level 4. HP: 24/34 MP: 0/8
  1610 | D:2      | Reached XP level 5. HP: 40/40 MP: 3/9
  2111 | D:3      | Found the +5 woodcutter's axe
  2752 | D:3      | Reached XP level 6. HP: 46/47 MP: 5/11
  2915 | D:3      | Reached skill level 5 in Staves
  3556 | D:4      | Found Qoxi's CLEARANCE SALE!.
  3574 | D:4      | Bought 2 scrolls of teleportation for 12 gold pieces
  3574 | D:4      | Bought a scroll of identify for 4 gold pieces
  3574 | D:4      | Bought a scroll of acquirement for 104 gold pieces
  3581 | D:4      | Acquired 783 gold pieces
  3705 | D:4      | Noticed Dowan
  3711 | D:4      | Killed Dowan
  3712 | D:4      | Noticed Duvessa
  3730 | D:4      | Killed Duvessa
  3731 | D:4      | Reached skill level 7 in Dodging
  3731 | D:4      | Reached XP level 7. HP: 38/52 MP: 0/12
  3896 | D:4      | Noticed Sigmund
  3904 | D:4      | Killed Sigmund
  4699 | D:5      | Entered Level 5 of the Dungeon
  4810 | D:5      | Reached XP level 8. HP: 60/60 MP: 10/14
  4882 | D:5      | Found Gisepn's Jewellery Emporium.
  4889 | D:5      | Bought a ring of wizardry for 360 gold pieces
  5009 | D:5      | Noticed a two-headed ogre
  5015 | D:5      | Killed a two-headed ogre
  5033 | D:5      | Learned a level 4 spell: Flame Wave
  5220 | D:5      | Found a staircase to the Ecumenical Temple.
  5229 | Temple   | Entered the Ecumenical Temple
  5297 | Temple   | Became a worshipper of Vehumet
  5396 | D:5      | Found a shimmering altar of Xom.
  5396 | D:5      | Found a burning altar of Makhleb.
  5396 | D:5      | Found a snail-covered altar of Cheibriados.
  5488 | D:5      | Found a sacrificial altar of Ru.
  5497 | D:5      | Noticed a wyvern
  5499 | D:5      | Killed a wyvern
  5500 | D:5      | Reached XP level 9. HP: 67/67 MP: 16/16
  5607 | D:5      | Reached skill level 5 in Spellcasting
  5681 | D:5      | Found an iron altar of Okawaru.
  5881 | D:5      | Reached skill level 5 in Fighting
  6198 | D:6      | Reached skill level 8 in Dodging
  6238 | D:6      | Reached skill level 5 in Invocations
  6309 | D:6      | Found a broken altar of Ashenzari.
  6342 | D:6      | Reached * piety under Vehumet
  6342 | D:6      | Offered knowledge of Magic Dart by Vehumet.
  7180 | D:7      | Reached skill level 5 in Short Blades
  7180 | D:7      | Reached skill level 5 in Long Blades
  7180 | D:7      | Reached skill level 5 in Axes
  7180 | D:7      | Reached skill level 5 in Maces & Flails
  7180 | D:7      | Reached skill level 5 in Polearms
  7180 | D:7      | Reached skill level 5 in Ranged Weapons
  7180 | D:7      | Reached skill level 5 in Throwing
  7180 | D:7      | Reached skill level 5 in Armour
  7180 | D:7      | Reached skill level 5 in Stealth
  7180 | D:7      | Reached skill level 5 in Shields
  7180 | D:7      | Reached skill level 5 in Unarmed Combat
  7180 | D:7      | Reached skill level 5 in Evocations
  7180 | D:7      | Reached XP level 10. HP: 72/76 MP: 15/18
  8092 | D:7      | Noticed Prince Ribbit
  8098 | D:7      | Killed Prince Ribbit
  8188 | D:8      | Offered knowledge of Scorch by Vehumet.
  8189 | D:8      | Reached ** piety under Vehumet
  8383 | D:8      | Paralysed by a hornet for 3 turns
  8389 | D:8      | Paralysed by a hornet for 3 turns
  8592 | D:8      | Found a broken altar of Ashenzari.
  8828 | D:8      | Identified the ring "Zetukle" {Fire rPois Dex-2 SInv}
  9242 | D:9      | Found a staircase to the Lair.
  9556 | D:9      | Found an ancient bone altar of Kikubaaqudgha.
  9557 | D:9      | Found a basalt altar of Yredelemnul.
  9558 | D:9      | Found a stormy altar of Qazlal.
  9562 | D:9      | Found a hide-covered altar of Uskayaw.
  9692 | D:9      | Noticed a two-headed ogre
  9699 | D:9      | Killed a two-headed ogre
  9700 | D:9      | Reached skill level 9 in Dodging
  9784 | D:9      | Reached skill level 5 in Hexes
  9784 | D:9      | Reached skill level 5 in Summonings
  9784 | D:9      | Reached skill level 5 in Necromancy
  9784 | D:9      | Reached skill level 5 in Translocations
  9784 | D:9      | Reached skill level 5 in Transmutations
  9784 | D:9      | Reached skill level 5 in Fire Magic
  9784 | D:9      | Reached skill level 5 in Ice Magic
  9784 | D:9      | Reached skill level 5 in Air Magic
  9784 | D:9      | Reached skill level 5 in Earth Magic
  9784 | D:9      | Reached skill level 5 in Poison Magic
  9849 | D:9      | Reached XP level 11. HP: 70/83 MP: 15/21
  9851 | D:9      | Offered knowledge of Static Discharge by Vehumet.
 10245 | D:9      | Reached *** piety under Vehumet
 10463 | Lair:1   | Entered Level 1 of the Lair of Beasts
 11602 | Lair:2   | Noticed Urug
 11610 | Lair:2   | Offered knowledge of Iskenderun's Mystic Blast by Vehumet.
 11616 | Lair:2   | Killed Urug
 11622 | Lair:2   | Learned a level 4 spell: Iskenderun's Mystic Blast
 11665 | Lair:2   | Identified the +0 morningstar "Impslayer" {vamp, rN+}
 11960 | Lair:2   | Noticed a skyshark
 11967 | Lair:2   | Killed a skyshark
 11968 | Lair:2   | Reached XP level 12. HP: 92/92 MP: 16/23
 12515 | Lair:3   | Noticed a skyshark
 12523 | Lair:3   | Killed a skyshark
 12523 | Lair:3   | Reached **** piety under Vehumet
 12557 | Lair:3   | Reached skill level 10 in Dodging
 12624 | Lair:3   | Offered knowledge of Olgreb's Toxic Radiance by Vehumet.
 12631 | Lair:3   | Learned a level 4 spell: Olgreb's Toxic Radiance
 12670 | Lair:3   | Found a staircase to the Swamp.
 12708 | Lair:3   | Noticed a death yak
 12711 | Lair:3   | Identified the +0 leather armour of Gallantry {+Inv}
 12727 | Lair:3   | Noticed a death yak
 12729 | Lair:3   | Noticed a death yak
 12731 | Lair:3   | Noticed a death yak
 12734 | Lair:3   | Noticed a death yak
 12744 | Lair:3   | Slain by a black mamba

Illustrated notes

Levels and vault maps discovered:
D:1:      minmay_arrival_stone_box, layout_loops_ring
D:2:      layout_rooms, uniq_jessica
D:3:      minmay_chambers_of_twos, layout_loops_cross
D:4:      minmay_inner_zag, layout_loops_ring, nicolae_shop_clearance,
          uniq_duvessa, uniq_sigmund
D:5:      layout_loops_cross, kennysheep_okawaru_gauntlet,
          nicolae_ru_sacrificial_ziggurat, gammafunk_temple_overflow_claw,
          serial_shops, nicolae_shop_gaudy_bauble, cheibrodos_gnoll_hut
D:6:      layout_basic, minmay_ruined_shrine
D:7:      layout_basic, uniq_prince_ribbit1
D:8:      layout_cave_pools, lemuel_tele_altar, hangedman_decor_opposing
D:9:      layout_stronghold, minitemple, dpeg_oklobed_lair, eino_jars
Temple:   nicolae_temple_hex_pool
Lair:1:   layout_gridlike
Lair:2:   layout_roguey, serial_bayou_ford_a, uniq_urug
Lair:3:   layout_roguey, skrybe_swamp_entry_bodies,
          nicolae_spider_entry_lesser_pyramids

Skill      XL: |  1  2  3  4  5  6  7  8  9 10 11 12 |
---------------+-------------------------------------+-----
Short Blades   | 1 2 3 4 5 6 7 |  7.6
Long Blades    | 1 2 3 4 5 6 7 |  7.6
Axes           | 1 2 3 4 5 6 7 |  7.6
Maces & Flails | 1 2 3 4 5 6 7 |  7.6
Polearms       | 1 2 3 4 5 6 7 |  7.6
Ranged Weapons | 1 2 3 4 5 6 7 |  7.6
Throwing       | 1 2 3 4 5 6 7 |  7.6
Armour         | 1 2 3 4 5 6 7 |  7.6
Stealth        | 1 2 3 4 5 6 7 |  7.6
Shields        | 1 2 3 4 5 6 7 |  7.6
Unarmed Combat | 1 2 3 4 5 6 7 |  7.6
Invocations    | 1 2 3 4 5 6 7 8 |  8.3
Evocations     | 1 2 3 4 5 6 7 |  7.6
Spellcasting   | 3 4 5 6 7 8 |  8.2
Hexes          | 1 2 3 4 5 6 |  6.3
Summonings     | 1 2 3 4 5 6 |  6.3
Necromancy     | 1 2 3 4 5 6 |  6.3
Translocations | 1 2 3 4 5 6 |  6.3
Transmutations | 1 2 3 4 5 6 |  6.3
Fire Magic     | 1 2 3 4 5 6 |  6.3
Ice Magic      | 1 2 3 4 5 6 |  6.3
Air Magic      | 1 2 3 4 5 6 |  6.3
Earth Magic    | 1 2 3 4 5 6 |  6.3
Poison Magic   | 1 2 3 4 5 6 |  6.3
Fighting       | 3 4 5 6 7 8 |  8.1
Staves         | 5 6 7 8 9 |  9.0
Dodging        | 7 8 9 10 | 10.1
Conjurations   | 6 7 8 |  8.5

Action                     |  1- 3 |  4- 6 |  7- 9 | 10-12 || total
---------------------------+-------+-------+-------+-------++-------
  Melee: Quarterstaff      |     6 |       |       |       ||     6
         Staff             |    30 |    32 |    27 |    10 ||    99
         Bite              |     4 |     3 |     1 |     1 ||     9
         Unarmed           |     6 |       |       |       ||     6
         Punch             |       |     2 |       |       ||     2
   Cast: Shock             |    15 |    16 |    21 |     5 ||    57
         Foxfire           |    52 |    97 |    98 |   122 ||   369
         Stone Arrow       |       |     2 |    63 |   170 ||   235
         Flame Wave        |       |       |     4 |    37 ||    41
         Iskenderun's Myst |       |       |       |     5 ||     5
         Olgreb's Toxic Ra |       |       |       |     3 ||     3
  Evoke: Wand              |       |       |       |    12 ||    12
    Use: Scroll            |       |     7 |     7 |    12 ||    26
         Potion            |       |     2 |       |     1 ||     3
   Stab: Sleeping          |       |       |     1 |       ||     1
 Armour: Robe              |     7 |    15 |    27 |       ||    49
         Steam dragon scal |       |       |     2 |    69 ||    71
  Dodge: Dodged            |    43 |    48 |    57 |    98 ||   246
